 Dungeon Crawl Stone Soup version 0.21.1-1-g345015f (webtiles) character file.

112 Mgcat the Chopper (level 4, -4/42 HPs)
             Began as a Hill Orc Monk on Mar 21, 2018.
             Was a Priest of Cheibriados.
             Slain by Shinoi's ghost (14 damage)
             ... on level 3 of the Dungeon.
             The game lasted 00:06:18 (1445 turns).

Mgcat the Chopper (Hill Orc Monk)                   Turns: 1445, Time: 00:06:19

Health: -4/42      AC:  7    Str: 21    XL:     4   Next: 93%
Magic:  2/4        EV: 12    Int: 17    God:    Cheibriados [***...]
Gold:   129        SH:  0    Dex: 20    Spells: 3/3 levels left

rFire    . . .     SeeInvis .   a - +0 hand axe
rCold    . . .     Gourm    .   (no shield)
rNeg     . . .     Faith    .   d - +0 ring mail
rPois    .         Spirit   .   (no helmet)
rElec    .         Reflect  .   (no cloak)
rCorr    +         Harm     .   n - +0 pair of gloves
MR       .....                  o - +0 pair of boots
Stlth    ++........             (no amulet)
HPRegen  0.14/turn              l - ring of resist corrosion
MPRegen  0.09/turn              (no ring)

@: very slow
A: no striking features
a: Bend Time, Temporal Distortion, Renounce Religion


You were on level 3 of the Dungeon.
You worshipped Cheibriados.
Cheibriados was most pleased with you.
You were not hungry.

You visited 1 branch of the dungeon, and saw 3 of its levels.

You collected 129 gold pieces.

Inventory:

Hand Weapons
 a - a +0 hand axe (weapon)
 r - a +0 trident of piercing
   (You found it on level 3 of the Dungeon)
Armour
 d - a +0 ring mail (worn)
   (You found it on level 1 of the Dungeon)
 n - a +0 pair of gloves (worn)
   (You found it on level 2 of the Dungeon)
 o - a +0 pair of boots (worn)
   (You found it on level 2 of the Dungeon)
Jewellery
 l - a ring of resist corrosion (left hand)
   (You found it on level 3 of the Dungeon)
Scrolls
 f - 2 scrolls of identify {unknown}
 i - a scroll of fog {unknown}
 j - a scroll of enchant armour {unknown}
 k - a scroll of immolation {unknown}
 m - a scroll of teleportation {unknown}
 p - a scroll of magic mapping {unknown}
Potions
 e - a potion of degeneration {unknown}
 g - a potion of ambrosia {unknown}
 h - a potion of curing {unknown}
 q - a potion of cancellation {unknown}
Comestibles
 b - 3 chunks of flesh {@w0}
 c - 2 rations


   Skills:
 + Level 5.2 Fighting
 + Level 5.7 Axes
 - Level 2.4 Dodging
 - Level 1.5 Stealth
 + Level 1.1 Invocations


You had 3 spell levels left.
You didn't know any spells.

Dungeon Overview and Level Annotations

Branches:
Dungeon (3/15)

Altars:
Cheibriados
Gozag

Shops:
D:3 *

Annotations:
D:3 Robin; Shinoi's ghost, amateur DsAK


Message History

You barely miss the goblin. The goblin hits you but does no damage.
Some of the chunks of flesh in your inventory have rotted away.
You hit the goblin but do no damage. The goblin barely misses you.
You barely miss the goblin. The goblin hits you but does no damage.
You hit the goblin but do no damage. The goblin hits you but does no damage.
You hit the goblin.
The goblin is heavily wounded.
The goblin hits you with a dagger.
You barely miss the goblin.
The goblin is heavily wounded.
The goblin barely misses you.
You hit the goblin.
You kill the goblin!
Cheibriados appreciates the change of pace.
You closely miss the goblin. You hit the goblin.
The goblin is severely wounded.
The goblin misses you.
You are feeling hungry.
You closely miss the goblin.
The goblin is severely wounded.
The goblin closely misses you.
You barely miss the goblin.
The goblin is severely wounded.
The goblin closely misses you.
You closely miss the goblin.
The goblin is severely wounded.
The goblin closely misses you.
You closely miss the goblin.
The goblin is severely wounded.
The goblin hits you but does no damage. x2
You hit the goblin but do no damage.
The goblin is severely wounded.
The goblin hits you but does no damage.
You hit the goblin but do no damage.
The goblin is severely wounded.
The goblin hits you but does no damage.
You hit the goblin.
You kill the goblin!
Cheibriados appreciates the change of pace.
Cheibriados raises the support of your attributes as your movement slows.
You hit the goblin.
The goblin is severely wounded.
The goblin completely misses you.
You barely miss the goblin.
The goblin is severely wounded.
The goblin hits you but does no damage.
You hit the goblin.
You kill the goblin!
Cheibriados appreciates the change of pace.
No target in view!
No target in view!
No target in view!
(D) Dungeon
Where to? (? - help)
What level of the Dungeon? (default 1, ? - help)
Okay, then.
Unknown command.
Unknown command.
(D) Dungeon
Where to? (? - help)
What level of the Dungeon? (default 1, ? - help)
Okay, then.
Unknown command.
Eating one of 4 chunks of flesh {@w0}.
You eat one of the 4 chunks of flesh {@w0}.
This raw flesh tastes terrible.
The flow of time bends around you.
You feel slightly more hungry.
Shinoi's ghost turns its malevolent gaze towards you.
Okay, then.
You swing at nothing.
You swing at nothing.
Shinoi's ghost screams, "Don't try to defend!
You have no chance!"
You closely miss Shinoi's ghost. Shinoi's ghost barely misses you.
You hit Shinoi's ghost but do no damage.
Shinoi's ghost closely misses you.
You closely miss Shinoi's ghost. Shinoi's ghost hits you!
You hit Shinoi's ghost.
Shinoi's ghost is lightly damaged.
Shinoi's ghost hits you but does no damage.
You closely miss Shinoi's ghost.
Shinoi's ghost is lightly damaged.
Shinoi's ghost hits you! Shinoi's ghost closely misses you.
You hit Shinoi's ghost.
Shinoi's ghost is lightly damaged.
Shinoi's ghost hits you.
Okay, then.
You don't have enough magic at the moment.
You hit Shinoi's ghost but do no damage.
Shinoi's ghost is lightly damaged.
Shinoi's ghost hits you!
* * * LOW HITPOINT WARNING * * *
You hit Shinoi's ghost.
Shinoi's ghost is moderately damaged.
Shinoi's ghost closely misses you.
You closely miss Shinoi's ghost.
Shinoi's ghost is moderately damaged.
Shinoi's ghost hits you!
You die...

##'## ### #. #.# #. #####.# #.
..[.#.## #. #....## ##
#.....##########.#
#....###...).....#
#.###.#.####.#########
#.........W@.#
.#####.######################
#............................(
#.......######################
#########


You could see Shinoi's ghost.

Vanquished Creatures
  A hound (D:2)
  An adder (D:3)
  An ooze (D:3)
  3 dart slugs (D:1)
  3 leopard geckos
  4 orcs (D:3)
  2 giant cockroaches (D:1)
  8 hobgoblins
  A quokka (D:3)
  2 ball pythons (D:3)
  4 bats
  6 frilled lizards
  12 goblins
  4 kobolds
  3 rats
55 creatures vanquished.

Notes
Turn   | Place    | Note
-------+----------+-------------------------------------------
     0 | D:1      | Mgcat the Hill Orc Monk began the quest for the Orb.
     0 | D:1      | Reached XP level 1. HP: 19/19 MP: 1/1
   193 | D:1      | Reached skill level 4 in Fighting
   193 | D:1      | Reached XP level 2. HP: 23/27 MP: 2/2
   415 | D:1      | Reached XP level 3. HP: 34/34 MP: 3/3
   631 | D:3      | Reached skill level 5 in Axes
   637 | D:3      | Found Gozag's Platinum Reserve.
   637 | D:3      | Found an opulent altar of Gozag.
   637 | D:3      | Noticed Robin
   643 | D:3      | Noticed Shinoi's ghost (amateur DsAK)
   888 | D:2      | Reached skill level 5 in Fighting
   888 | D:2      | Reached XP level 4. HP: 21/42 MP: 4/4
  1164 | D:3      | Found a faded altar of an unknown god.
  1166 | D:3      | Became a worshipper of Cheibriados the Contemplative
  1166 | D:3      | Reached * piety under Cheibriados
  1166 | D:3      | Reached ** piety under Cheibriados
  1245 | D:3      | Reached *** piety under Cheibriados
  1265 | D:3      | Reached skill level 1 in Invocations
  1443 | D:3      | HP: 9/42 [Shinoi's ghost (7)]
  1445 | D:3      | Slain by Shinoi's ghost

Skill      XL: |  1  2  3  4 |
---------------+-------------+-----
Fighting       | 4 5 |  5.2
Axes           | 5 |  5.7
Invocations    | 1 |  1.1
Dodging        | |  2.4
Stealth        | |  1.5

Action                   |  1- 3 |  4- 6 || total
-------------------------+-------+-------++-------
Melee: Hand axe          |   115 |    78 ||   193
Invok: Bend Time         |       |     1 ||     1
  Eat: Chunk             |       |     2 ||     2
Armor: Ring mail         |    46 |    28 ||    74
Dodge: Dodged            |    60 |    49 ||   109

Vault maps used:
D:1:      lemuel_arrival_tunnels
D:3:      nicolae_gozag_zags_fifth_avenue, chequers_ecumenical_altar_twisty,
          uniq_robin

Table legend:
 A = Turns spent in this place as a percentage of turns spent in the entire game.
 B = Non-inter-level travel turns spent in this place as a percentage of non-inter-level travel turns spent in the entire game.
 C = Inter-level travel turns spent in this place as a percentage of turns spent in this place.
 D = Turns resting spent in this place as a percentage of non-inter-level travel turns spent in this place.
 E = Turns spent auto-exploring this place as a percentage of non-inter-level travel turns spent in this place.
 F = Non-inter-level travel turns spent in this place divided by the number of levels of this place that you've seen.
                   A       B       C       D       E      F
               +-------+-------+-------+-------+-------+----------------------
         Total | 100.0 | 100.0 |   0.3 |   8.9 |  52.8 | 480.3
       Dungeon | 100.0 | 100.0 |   0.3 |   8.9 |  52.8 | 480.3
               +-------+-------+-------+-------+-------+----------------------

Table legend:
 A = Kills in this place as a percentage of kills in entire the game.
 B = Kills by you in this place as a percentage of kills by you in the entire game.
 C = Kills by friends in this place as a percentage of kills by friends in the entire game.
 D = Other kills in this place as a percentage of other kills in the entire game.
 E = Experience gained in this place as a percentage of experience gained in the entire game.
 F = Experience gained in this place divided by the number of levels of this place that you have seen.
                   A       B       C       D       E      F
               +-------+-------+-------+-------+-------+----------------------
         Total | 100.0 | 100.0 |   N/A |   N/A | 100.0 |  53.3
       Dungeon | 100.0 | 100.0 |   N/A |   N/A | 100.0 |  53.3
               +-------+-------+-------+-------+-------+----------------------
